 Dungeon Crawl Stone Soup version 0.21-a0-525-ga34b322 (webtiles) character file.

36 lemonriz the Firebug (level 3, -2/24 HPs)
             Began as a Demonspawn Fire Elementalist on Dec 7, 2017.
             Slain by Sigmund
             ... wielding a +1 vampiric scythe
              (6 damage)
             ... on level 2 of the Dungeon.
             The game lasted 00:02:46 (963 turns).

lemonriz the Firebug (Demonspawn Fire Elementalist)  Turns: 963, Time: 00:02:46

Health: -2/24      AC:  2    Str:  8    XL:     3   Next: 19%
Magic:  2/6        EV: 12    Int: 17    God:
Gold:   74         SH:  0    Dex: 13    Spells: 0/6 levels left

rFire    + . .     SeeInvis .   j - +0 dagger
rCold    x . .     Gourm    .   (no shield)
rNeg     . . .     Faith    .   a - +0 robe
rPois    .         Spirit   .   (helmet restricted)
rElec    .         Reflect  .   (no cloak)
rCorr    .         Harm     .   (no gloves)
MR       .....                  (no boots)
Stlth    +.........             (no amulet)
HPRegen  0.08/turn              e - ring of fire
MPRegen  0.10/turn              (no ring)

@: confused, very slightly contaminated
A: antennae 1, large bone plates 1
a: no special abilities


You were on level 2 of the Dungeon.
You were not hungry.

You visited 1 branch of the dungeon, and saw 2 of its levels.

You collected 74 gold pieces.

Inventory:

Hand Weapons
 j - a +0 dagger (weapon)
Armour
 a - a +0 robe (worn)
 k - a +0 shield
Jewellery
 e - a ring of fire (left hand)
Scrolls
 d - 2 scrolls of identify {unknown}
 f - 2 scrolls of remove curse {unknown}
 g - a scroll of random uselessness {unknown}
 i - a scroll of teleportation {unknown}
Books
 b - a book of Flames

   Spells                             Type                      Level
   a - Flame Tongue                   Conjuration/Fire             1
   b - Throw Flame                    Conjuration/Fire             2
   c - Conjure Flame                  Conjuration/Fire             3
   d - Inner Flame                    Hexes/Fire                   3
   e - Sticky Flame                   Conjuration/Fire             4
   f - Fireball                       Conjuration/Fire             5
Comestibles
 c - a bread ration
 l - a fruit


   Skills:
 - Level 2.0 Dodging
 - Level 2.0 Stealth
 + Level 2.4 Spellcasting
 + Level 1.7 Conjurations
 + Level 3.0 Fire Magic


You couldn't memorise any spells.
You knew the following spells:

 Your Spells              Type           Power        Failure   Level  Hunger
a - Flame Tongue          Conj/Fire      ###..        7%          1    #......
b - Throw Flame           Conj/Fire      ###...       11%         2    ##.....
c - Conjure Flame         Conj/Fire      ###.....     21%         3    ###....


Dungeon Overview and Level Annotations

Branches:
Dungeon (2/15)

Altars:

Annotations:
D:2 Sigmund


Innate Abilities, Weirdness & Mutations

You have a pair of small antennae on your head.
You are partially covered in large bone plates. (SH +4)


Message History

You feel a surge of power!
You miscast Throw Flame.
You are very lightly contaminated with residual magic.
Sparks fly from your hands!
Sigmund points at you and mumbles some strange words.
The puff of flame hits you! You resist. Sigmund gestures at you while chanting.
The puff of flame hits you! You resist.
Sigmund casts a spell.
Sigmund flickers and vanishes!
Deactivating autopickup; reactivate with Ctrl-A.
You are confused.
Autopickup is now on.
You bump into the rock wall.
Something hits you!
Ouch! That really hurt!
* * * LOW HITPOINT WARNING * * *
Deactivating autopickup; reactivate with Ctrl-A.
You bump into the rock wall.
Something hits you.
You die...

###.##...##.#.........##
............'.........+.
###.##...#.##.........##
#. ##.##.###.......##
#.##.# ##.....## #.##.#
##...## #.###{##.# ##+##
#........# ###.#
#####@#### ##.#.#
#####.######.#..##
#.........#.###..##
#.###......## ##..####
#.# #####.#.###..###..
#.# #.##.#..## #.#
#.#######.##...#####..
#.........###.........
########### ##########


There were no monsters in sight!

Vanquished Creatures
  An ooze (D:2)
  A worm (D:2)
  A leopard gecko (D:1)
  2 bats
  3 giant cockroaches
  6 goblins
  3 hobgoblins
  A ball python (D:1)
  A frilled lizard (D:1)
  3 kobolds (D:1)
  4 rats (D:1)
26 creatures vanquished.

Notes
Turn   | Place    | Note
-------+----------+-------------------------------------------
     0 | D:1      | lemonriz the Demonspawn Fire Elementalist began the quest for the Orb.
     0 | D:1      | Reached XP level 1. HP: 13/13 MP: 3/3
   217 | D:1      | Gained mutation: You are partially covered in large bone plates. (SH +4) [demonic ancestry]
   217 | D:1      | Reached XP level 2. HP: 19/19 MP: 3/5
   294 | D:1      | Learned a level 2 spell: Throw Flame
   550 | D:1      | Reached skill level 3 in Fire Magic
   856 | D:2      | Gained mutation: You have a pair of small antennae on your head. [demonic ancestry]
   856 | D:2      | Reached XP level 3. HP: 21/24 MP: 4/6
   861 | D:2      | Learned a level 3 spell: Conjure Flame
   928 | D:2      | Noticed Sigmund
   963 | D:2      | Slain by Sigmund

Vault maps used:
D:1:      lemuel_arrival_rhombus
D:2:      grunt_temple_overflow_open, first_bread, uniq_sigmund

Skill      XL: |  1  2 |
---------------+-------+-----
Stealth        | 2 |  2.0
Dodging        | 2 |  2.0
Fire Magic     | 3 |  3.0
Spellcasting   | |  2.4
Conjurations   | |  1.7

Action                   || total
-------------------------++-------
Melee: Dagger            ||     7
       Unarmed           ||     3
 Cast: Flame Tongue      ||    40
       Throw Flame       ||     4
  Eat: Chunk             ||     1
Armor: Robe              ||     5
Dodge: Dodged            ||    13

Table legend:
 A = Spawn XP
 B = Non-spawn XP
 C = Spawn XP percentage of total XP
 D = Spawn monster count
 E = Non-spawn monster count
 F = Spawn count percentage of total count
 G = Total turns spent on level
                    A         B        C        D         E        F      G
               +---------+---------+-------+---------+---------+-------+---------
         Total |       0 |      52 |   0.0 |       0 |      26 |   0.0 |   963
               +---------+---------+-------+---------+---------+-------+---------
           D:1 |       0 |      34 |   0.0 |       0 |      20 |   0.0 |   639
           D:2 |       0 |      18 |   0.0 |       0 |       6 |   0.0 |   324
               +---------+---------+-------+---------+---------+-------+---------
